 Dungeon Crawl Stone Soup version 0.31-a0-1068-g5939ac1fb6 (webtiles) character file.

Game seed: 3661120301533745690

17 Chiseanne the Sneak (level 2, 0/21 HPs)
             Began as a Demonspawn Wanderer on Nov 24, 2023.
             Slain by a cerulean imp
             ... wielding a +2 spear
             ... summoned by Natasha
              (4 damage)
             ... on level 2 of the Dungeon.
             The game lasted 00:01:17 (678 turns).

Chiseanne the Sneak (Demonspawn Wanderer)            Turns: 678, Time: 00:01:18

Health: 0/21       AC:  2    Str: 11    XL:     2   Next: 44%
Magic:  3/3        EV: 11    Int: 13    God:
Gold:   84         SH:  5    Dex: 13    Spells: 3/3 levels left

rFire   . . .        a - +2 dagger
rCold   . . .        d - +1 buckler
rNeg    . . .        f - +0 robe
rPois   .            (no helmet)
rElec   .            (no cloak)
rCorr   .            (no gloves)
SInv    .            (no boots)
Will    .....        (no amulet)
Stlth   ++           (no ring)
HPRegen 0.23/turn    (no ring)
MPRegen 0.16/turn

%: no passive effects
@: no status effects
A: magic regeneration
a: no special abilities


You were on level 2 of the Dungeon.
You visited 1 branch of the dungeon, and saw 2 of its levels.

You collected 84 gold pieces.

Inventory:

Hand Weapons
 a - a +2 dagger (weapon)
Missiles
 g - 12 stones
Armour
 d - a +1 buckler (worn)
 f - a +0 robe (worn)
Scrolls
 e - 2 scrolls of blinking
Potions
 b - a potion of heal wounds
 c - a potion of lignification
 h - a potion of curing {unknown}
 l - a potion of resistance


   Skills:
 * Level 1.1 Fighting
 * Level 1.0 Dodging
 - Level 3.6 Stealth
 * Level 2.1 Shields
 - Level 2.6 Unarmed Combat
 - Level 1.0 Spellcasting


You had 3 spell levels left.
You didn't know any spells.
Your spell library contained the following spells:

 Spells                   Type           Power      Damage    Failure   Level
 Ensorcelled Hibernation  Hex/Ice        0%         N/A       52%         2
 Passwall                 Tmut/Erth      0%         N/A       52%         2
 Swiftness                Air            0%         N/A       75%         3


Dungeon Overview and Level Annotations

Branches:
Dungeon (2/15)

Altars:

Annotations:
D:2 Natasha


Innate Abilities, Weirdness & Mutations

You regenerate magic rapidly.


Message History

Natasha, Servant of Life and Death comes into view.
You hit the goblin but do no damage. The goblin hits you with a +0 dagger.
You hit the goblin.
The goblin is moderately wounded.
The goblin hits you with a +0 dagger.
You hit the goblin.
The goblin is heavily wounded.
Natasha mumbles some strange words.
The goblin hits you with a +0 dagger.
You barely miss the goblin.
The goblin is heavily wounded.
The goblin hits you but does no damage.
You hit the goblin.
The goblin is severely wounded.
The goblin misses you.
Natasha casts a spell.
You hit the goblin.
You kill the goblin!
Your Dodging skill increases to level 1!
You hit Natasha but do no damage.
The cerulean imp hits you from afar with a +2 spear.
You block Natasha's attack.
You are too injured to fight recklessly!
You are too injured to fight recklessly!
You are too injured to fight recklessly!
You are too injured to fight recklessly!
You are too injured to fight recklessly!
You are too injured to fight recklessly!
You are too injured to fight recklessly!
You are too injured to fight recklessly!
You are too injured to fight recklessly!
You are too injured to fight recklessly!
You are too injured to fight recklessly!
You are too injured to fight recklessly!
You are too injured to fight recklessly!
As you read the scroll of summoning, it crumbles to dust.
Wisps of shadow whirl around you... Natasha claws you.
* * * LOW HITPOINT WARNING * * *
The cerulean imp hits you from afar with a +2 spear.
You die...

...... .....#
.###.# .###.##.#
#.......#
#.##.#### .....#
.....#
###############
#.#.##
#....rr@h55....
..#.#
#.#########.##.
###.######.#####
.#.............#
....####.#..##.#
.#.#####.##.##.#
.#.##.......##.#
.......#.......#
.#.##..#.##.##.#


You could see Natasha (ally target), 2 cerulean imps, a friendly quokka
(summoned) and a friendly rat (summoned).

Vanquished Creatures
  3 endoplasms (D:1)
  A giant cockroach (D:2)
  A hobgoblin (D:1)
  A quokka (D:1)
  3 ball pythons
  4 goblins
  A kobold (D:1)
  A rat (D:1)
15 creatures vanquished.

Notes
Turn   | Place    | Note
-------+----------+-------------------------------------------
     0 | D:1      | Chiseanne the Demonspawn Wanderer began the quest for the
                  | Orb.
     0 | D:1      | Chiseanne set off with the following items: a +2 dagger, a
                  | potion of heal wounds, a potion of lignification, a +0
                  | buckler, a scroll of blinking, a +0 robe.
     0 | D:1      | Reached XP level 1. HP: 13/13 MP: 2/2
   221 | D:1      | Gained mutation: You regenerate magic rapidly. [demonic
                  | ancestry]
   221 | D:1      | Reached XP level 2. HP: 8/20 MP: 3/3
   347 | D:1      | Reached skill level 1 in Fighting
   669 | D:2      | Noticed Natasha
   677 | D:2      | Reached skill level 1 in Dodging
   678 | D:2      | Slain by a cerulean imp

Illustrated notes

Levels and vault maps discovered:
D:1:      dpeg_arrival_refuge, layout_rooms
D:2:      layout_loops_cross, uniq_natasha

Skill      XL: |  1  2 |
---------------+-------+-----
Shields        | 2 |  2.1
Fighting       | 1 |  1.1
Dodging        | 1 |  1.0
Stealth        | |  3.6
Unarmed Combat | |  2.6
Spellcasting   | |  1.0

Action                     || total
---------------------------++-------
  Melee: Dagger            ||    44
    Use: Scroll            ||     5
   Stab: Sleeping          ||     4
 Armour: Robe              ||    21
  Dodge: Dodged            ||    21
  Block: Buckler           ||    10

Table legend: (Time is in decaauts)
 A = Elapsed time spent in this place.
 B = Non-inter-level travel time spent in this place.
 C = Inter-level travel time spent in this place.
 D = Time resting spent in this place.
 E = Time spent auto-exploring this place.
 F = Levels seen in this place.
 G = Mean time per level.
                   A        B        C        D        E       F      G
               +--------+--------+--------+--------+--------+-----+--------+
         Total |    680 |    657 |     23 |     92 |    440 |   2 |  340.0 |
       Dungeon |    680 |    657 |     23 |     92 |    440 |   2 |  340.0 |
               +--------+--------+--------+--------+--------+-----+--------+

Top non-repeatable levels by time:
     D:1: 604 daAuts
     D:2: 75 daAuts
